[Event "Arona Festival 2024"]
[Site "Arona Tenerife"]
[Date "2024.06.30"]
[Round "10.1"]
[White "Zhao, Yuanhe"]
[Black "Xue, Haowen"]
[Result "1/2-1/2"]
[ECO "A13"]
[WhiteElo "2463"]
[BlackElo "2452"]
[Annotator "TA"]
[PlyCount "53"]
[EventDate "2024.06.20"]
[EventType "swiss"]
[EventCountry "ESP"]
[SourceTitle "playchess.com"]
[Source "ChessBase"]
[SourceQuality "1"]
[TimeControl "5400+30"]

1. c4 e6 2. Nf3 Nf6 3. e3 b6 4. b3 Bb7 5. Bb2 Be7 6. Be2 O-O 7. O-O d5 8. d4 dxc4 9. Bxc4 Nbd7 10. Qe2 a6 {[%emt 0:04:02] The position is equal.} 11. a4 c5 12. Rd1 cxd4 13. Nxd4 Qc7 14. Nd2 Ne5 15. Rac1 {[%emt 0:04:04][%cal Od4e6] [#] aiming for Nxe6!} Qb8 16. N4f3 Nfd7 17. Nxe5 Nxe5 18. f4 Ng6 19. Nf3 (19. g3 $14) 19... b5 $11 {[%emt 0:12:31] And now ...Bxf3 would win.} 20. Bd3 bxa4 21. bxa4 Rd8 22. Bd4 (22. Ne5 {feels hotter.} a5 23. Bd4 Rxd4 24. exd4 Nxf4 25. Qf2) 22... Bf6 23. Bxf6 gxf6 24. Nd4 f5 25. Qf2 Qd6 26. h4 Nxf4 {[#]} 27. Nxf5 {Weighted Error Value: White=0.05 (flawless) /Black=0.11 (very precise) .  Mistake:       	White=2     	Black=1      OK:         	White=11    	Black=9} (27. Bxf5 $1 $16 exf5 28. Nxf5 Nh3+ (28... Qxd1+ $2 {too greedy.} 29. Rxd1 Rxd1+ 30. Kh2 $18) 29. gxh3) 1/2-1/2

[Event "Arona Festival 2024"]
[Site "Arona Tenerife"]
[Date "2024.06.30"]
[Round "10.2"]
[White "Sosa, Tomas"]
[Black "Kazakouski, Valery"]
[Result "1/2-1/2"]
[ECO "B53"]
[WhiteElo "2535"]
[BlackElo "2603"]
[Annotator "RC"]
[PlyCount "124"]
[EventDate "2024.06.20"]
[EventType "swiss"]
[EventCountry "ESP"]
[SourceTitle "playchess.com"]
[Source "ChessBase"]
[SourceQuality "1"]
[TimeControl "5400+30"]

1. e4 c5 2. Nf3 d6 3. d4 cxd4 4. Qxd4 Nf6 5. Bg5 Nc6 6. Bb5 e5 7. Qd3 a6 8. Bxc6+ bxc6 9. O-O h6 10. Bxf6 Qxf6 11. Qc3 Bb7 12. Nbd2 Be7 13. Nc4 Rb8 14. Rad1 O-O 15. Rfe1 Ba8 16. a3 Qg6 17. Qd3 Qe6 18. b3 g6 19. Qe3 Kg7 20. Qa7 c5 21. Qxa6 Bb7 22. Qa7 Bc6 23. Qa5 Ra8 24. Qc3 f5 25. Nfd2 fxe4 26. Nxe4 Rad8 27. f3 Rf5 28. Ne3 Rf4 29. Nc4 Ba8 30. Qe3 Rff8 31. Nc3 Bb7 32. Qd3 Rf4 33. Qe2 Rdf8 34. Rd3 g5 35. h3 h5 36. Ne3 Rd4 37. Ne4 d5 38. Nf2 e4 39. fxe4 dxe4 40. Nc4 Rf4 41. Re3 g4 42. hxg4 hxg4 43. c3 Rd7 44. Nxe4 Qh6 45. Ng3 Bg5 46. Re6 Qh4 47. Qc2 Bf6 48. Nf5+ Rxf5 49. Qxf5 g3 50. Qxf6+ Qxf6 51. Rxf6 Kxf6 52. Kf1 Kf5 53. Re8 Be4 54. Rf8+ Kg5 55. Rg8+ Kf4 56. Rf8+ Kg5 57. Ke2 Bxg2 58. Ne3 Re7 59. Rg8+ Kh4 60. Rh8+ Kg5 61. Rg8+ Kh4 62. Rh8+ Kg5 1/2-1/2

[Event "Arona Festival 2024"]
[Site "Arona Tenerife"]
[Date "2024.06.30"]
[Round "10.3"]
[White "Gorshtein, Ido"]
[Black "Kantor, Gergely"]
[Result "1/2-1/2"]
[ECO "A22"]
[WhiteElo "2563"]
[BlackElo "2528"]
[Annotator "TA"]
[PlyCount "65"]
[EventDate "2024.06.20"]
[EventType "swiss"]
[EventCountry "ESP"]
[SourceTitle "playchess.com"]
[Source "ChessBase"]
[SourceQuality "1"]
[TimeControl "5400+30"]

1. c4 e5 2. g3 Nf6 3. Bg2 d5 4. cxd5 Nxd5 5. Nc3 Nb6 6. d3 Be7 7. a3 a5 8. Be3 O-O 9. Rc1 Nc6 10. Bxc6 bxc6 11. Nf3 Nd5 12. Nxd5 Qxd5 13. Qc2 Rb8 14. O-O $1 Bg4 15. Kg2 Bd6 16. Rfd1 f6 17. Rd2 Bd7 18. Bc5 Rb3 (18... Rb5 $1 $15 19. Bxd6 cxd6) 19. e4 $11 Qe6 20. Qc4 Qxc4 $1 21. Rxc4 Rfb8 22. Rcc2 Be8 23. Be3 Bf7 24. Bc5 Be8 25. Be3 Bf7 26. Ng1 R3b7 27. Ne2 {[%emt 0:03:04] The position is equal.} Bb3 28. Rxc6 Be6 29. Rcc2 Bb3 30. Rc6 Be6 31. b4 axb4 32. axb4 Bxb4 33. Rdc2 {[%emt 0:02:35] Weighted Error Value: White=0.08 (flawless) /Black=0.06 (flawless) .  Mistake:       	---       	Black=1      Inaccurate:     	White=3     	Black=1      OK:         	White=12    	Black=8      Best:        	---       	Black=2      Strong:       	White=1     	Black=1} (33. Rxe6 Bxd2 34. Bxd2 Rb2 $19) 1/2-1/2

[Event "Arona Festival 2024"]
[Site "Arona Tenerife"]
[Date "2024.06.30"]
[Round "10.4"]
[White "Royal, Shreyas"]
[Black "Socko, Bartosz"]
[Result "1-0"]
[ECO "E11"]
[WhiteElo "2483"]
[BlackElo "2556"]
[Annotator "TA"]
[PlyCount "91"]
[EventDate "2024.06.20"]
[EventType "swiss"]
[EventCountry "ESP"]
[SourceTitle "playchess.com"]
[Source "ChessBase"]
[SourceQuality "1"]
[TimeControl "5400+30"]

1. d4 Nf6 2. c4 e6 3. Nf3 Bb4+ 4. Nbd2 b6 5. a3 Bxd2+ 6. Qxd2 d5 {[%emt 0:00:45] E11: Bogo-Indian.} 7. e3 O-O 8. b3 Bb7 9. Be2 Nbd7 10. Bb2 dxc4 {[%emt 0:01:04] Nowadays more popular than 10...c5.} 11. bxc4 c5 12. O-O Qc7 13. a4 $146 ({Predecessor:} 13. Rac1 Rad8 14. Rfd1 cxd4 15. exd4 h6 16. h3 Rfe8 17. Qe3 Qc6 18. Bd3 Nf8 19. Bb1 {1-0 Van Wely,L (2657)-Timman,J (2562) NED-ch rapid 2017 (4)}) 13... Rfd8 14. Rfd1 Rac8 15. Qc3 cxd4 16. exd4 (16. Nxd4 {feels hotter.} Ne4 17. Qc2 Ndc5 18. f3) 16... Nd5 17. Qb3 Nf4 18. Bf1 Qc6 19. Ne1 (19. Nh4 {with more complications.} g5 20. Qg3 h6 21. Re1) 19... Nf6 20. f3 Ne8 21. Nc2 Nd6 22. Ne3 h5 23. d5 exd5 24. Nxd5 Ng6 25. Qc3 (25. Kh1 $142) 25... Ne8 (25... Nf5 $16 26. Kh1 Qc5) 26. Re1 ({White should play} 26. Rd4 $18) 26... Nf6 $16 27. Nxf6+ Qxf6 28. Qxf6 gxf6 29. Bxf6 Rd6 30. Bb2 Rd2 (30... Ba6 $16) 31. Bc1 $18 Rd6 32. a5 Nh4 $2 (32... f6 {was called for.} 33. Be3 Ne5) 33. Kf2 Nf5 (33... Ng6 {might work better.} 34. Be3 Rcc6 35. axb6 axb6) 34. axb6 axb6 35. Re5 Ng7 36. Be3 h4 37. Rb5 h3 38. g3 (38. Rxb6 Rxb6 39. Bxb6 hxg2 $18) (38. Bxb6 hxg2 39. Kxg2 Bc6 $16) (38. gxh3 Bc6 $18) 38... Rf6 39. Be2 (39. Bxh3 Rxf3+ 40. Kg1 Rxc4 $14 (40... Rxe3 41. Bxc8 Bxc8 42. Ra8 $16)) (39. Bxb6 Rxf3+ 40. Kg1 Be4 $16) 39... Rcc6 40. Rab1 Nf5 41. Bg5 Nd4 42. Bxf6 Nxb5 43. Rxb5 (43. cxb5 Rxf6 44. Rc1 Kg7 $18) 43... Rxf6 44. c5 Kf8 ({Much weaker is} 44... Ba6 45. Rxb6 Rf5 46. Rxa6 (46. Bxa6 Rxc5 47. Be2 Rc2 $18)) (44... Rc6 $142 45. Rxb6 (45. cxb6 Rc2 $18) 45... Rc7) 45. Rxb6 $18 Bc6 46. f4 1-0

[Event "Arona Festival 2024"]
[Site "Arona Tenerife"]
[Date "2024.06.30"]
[Round "10.5"]
[White "Albornoz Cabrera, Carlos Daniel"]
[Black "David, Alberto"]
[Result "1-0"]
[ECO "B12"]
[WhiteElo "2614"]
[BlackElo "2502"]
[Annotator "TA"]
[PlyCount "44"]
[EventDate "2024.06.20"]
[EventType "swiss"]
[EventCountry "ESP"]
[SourceTitle "playchess.com"]
[Source "ChessBase"]
[SourceQuality "1"]
[TimeControl "5400+30"]

1. e4 c6 2. d4 d5 3. e5 Bf5 4. Nf3 e6 5. Be2 Ne7 6. c3 h6 7. O-O Nd7 8. Na3 a6 9. Nc2 c5 10. dxc5 Nxc5 {[%emt 0:02:52] The position is equal.} 11. Be3 Bxc2 (11... Nd7 $11 {is superior.}) 12. Qxc2 $14 Nf5 13. Bf4 {[%emt 0:04:35] White is more active.} g5 14. Bd2 Bg7 15. Nd4 Ne4 $1 16. Nxf5 exf5 17. Be3 {[%emt 0:01:00] Black must now prevent f3.} f4 18. Bd4 $36 {[%emt 0:01:49][%mdl 2048] Strongly threatening f3. White is in control.} Qe7 {[%emt 0:01:07] [#]} ({Better is} 18... Qc7) 19. Qa4+ $1 $16 Kf8 20. Rfe1 {[%emt 0:01:53] Bh5 is the strong threat.} Rd8 $2 (20... Bxe5 $16 {was necessary.} 21. Bd3 Bf6) 21. Rad1 {[%emt 0:08:48] And now Qa5 would win.} Bxe5 22. Bf1 {[%emt 0:04:57] aiming for Bxe5. A strong pair of Bishops.} Kg8 $2 {[%emt 0:00:35][%mdl 8192] Weighted Error Value: White=0.21 (precise) /Black=0.38.  Loses game:     	---       	Black=2      Mistake:       	---       	Black=2      Inaccurate:     	White=2     	Black=1      OK:         	White=9     	Black=4      Best:        	---       	Black=1      Strong:       	---       	Black=1} (22... f6 $16) 1-0

[Event "Arona Festival 2024"]
[Site "Arona Tenerife"]
[Date "2024.06.30"]
[Round "10.6"]
[White "Socko, Monika"]
[Black "Pichot, Alan"]
[Result "0-1"]
[ECO "E91"]
[WhiteElo "2416"]
[BlackElo "2640"]
[Annotator "TA"]
[PlyCount "172"]
[EventDate "2024.06.20"]
[EventType "swiss"]
[EventCountry "ESP"]
[SourceTitle "playchess.com"]
[Source "ChessBase"]
[SourceQuality "1"]
[TimeControl "5400+30"]

1. d4 Nf6 2. Nf3 g6 3. c4 Bg7 4. Nc3 O-O 5. e4 d6 6. Be2 Bg4 7. Be3 Nfd7 8. Ng1 Bxe2 9. Ngxe2 e5 10. d5 f5 11. f3 {[%emt 0:01:15] E91: King's Indian: Classical: 6 Be2, unusual replies including 6...c5 and 6...Bg4.} Bh6 12. Qd2 Qh4+ $146 ({Predecessor:} 12... Bxe3 13. Qxe3 Na6 14. O-O-O Nac5 15. h4 a5 16. h5 f4 17. Qg1 g5 18. h6 a4 {1-0 Weetik,V (2423)-Ahn,H (2259) Titled Tuesday intern op 11th Jul Early blitz 2023 (2)}) 13. g3 Bxe3 14. Qxe3 Qh5 15. exf5 gxf5 16. O-O-O Nf6 17. h3 Nbd7 18. g4 f4 19. Qxf4 exf4 20. gxh5 Ne5 21. Nxf4 Nxc4 22. Ne6 Rf7 23. Rhg1+ Kh8 24. h6 Rg8 25. Rg7 Rgxg7 26. hxg7+ Kg8 27. Ne4 Ne3 28. Nxf6+ Rxf6 29. Rd3 Nxd5 30. Nd8 Rf5 31. Nxb7 Kxg7 32. Ra3 Kf6 33. Nd8 h5 34. Nc6 Nf4 35. Kd2 Rc5 36. Nd4 Rd5 37. Ke3 Ng2+ 38. Kf2 Rxd4 39. Kxg2 Rd2+ $1 40. Kg3 Rxb2 41. Rxa7 c5 42. a4 Ke5 (42... Ra2 $17 43. Kf4 Ke6) 43. f4+ $1 $15 Kd4 44. a5 (44. Rd7 $1 $11 {remains equal.}) 44... c4 $17 45. a6 $2 (45. f5 $15) 45... Rb6 $19 46. Ra8 d5 47. a7 Rb7 $1 (47... Ra6 48. f5 c3 49. f6 $11) 48. f5 c3 49. Kh4 Rc7 $1 50. Kxh5 $2 (50. f6 $19 c2 51. f7 Rxf7 (51... c1=B 52. f8=Q Bd2 53. Qf2+ Be3 54. Qb2+ Kd3 55. Qb3+ Kd2 56. Qxd5+ Kc1 57. Qh1+ Kb2 58. Rb8+ Kc3 59. Qe1+ Bd2 60. Qg3+ Kd4 61. Rd8+) 52. Rc8 Rxa7 53. Rxc2) 50... c2 51. Rh8 Rxa7 (51... c1=B $2 52. a8=Q (52. a8=B Rg7 $11) 52... Rc3 53. Qa1 $18) 52. Rc8 Kd3 53. Kg6 {[%emt 0:00:00] [#]} Ra8 (53... Kd2 $142 $3 54. f6 c1=Q (54... c1=R $2 55. Rd8 $19) 55. Rxc1 Kxc1 56. Kf5 Rh7 (56... d4 57. Ke4 Rf7 58. Kxd4 Rxf6 59. Ke4 Rh6 60. Kf5 Rxh3 61. Kf6 Re3 62. Kg5 Kd2 63. Kf5 Kd3 64. Kf4 Re4+ 65. Kg5 Re5+ 66. Kh6 Ke4 67. Kg6 Rf5 68. Kh6 Kf4 69. Kg6 Kg4 70. Kh6 Rg5 71. Kh7 Kh5 72. Kh8 Kg6 73. Kg8 Rf5 74. Kh8 Rf8#) 57. h4 Rxh4 58. Kg5 Rh8 59. Kf4 Kc2 60. Ke5 Rh5+ (60... Rf8 61. Kxd5 Rxf6 62. Ke5 Rf2 63. Kd5 Kd3 64. Kd6 Kd4 65. Ke6 Rf4 66. Kd6 Rf6+ 67. Ke7 Ke5 68. Kd7 Rg6 69. Kc7 Kd5 70. Kd7 Rg7+ 71. Ke8 Ke6 72. Kd8 Re7 73. Kc8 Kd6 74. Kd8 Re5 75. Kc8 Rb5 76. Kd8 Rb8#) 61. Kd4 Rf5 62. f7 Rxf7 63. Kxd5 Re7 64. Kd4 Re8 65. Kd5 Kd3 66. Kd6 Kc4 67. Kd7 Re5 68. Kd6 Re4 69. Kc6 Rd4 70. Kb6 Rd6+ 71. Kb7 Kb5 72. Kc7 Rd1 73. Kb7 Rc1 74. Ka8 Rc7 75. Kb8 Kb6 76. Ka8 Rc8#) 54. Rxa8 $19 c1=Q (54... c1=B $2 55. f6 Bd2 56. f7 $18) 55. f6 Qg1+ 56. Kh7 Qf1 57. Kg7 Qg2+ (57... Qxh3 58. Ra3+ Kd4 59. Rxh3 Ke5 60. f7 d4 61. f8=Q (61. f8=B Kd5 62. Kf6 Ke4 63. Rh4+ Kd5 64. Rf4 d3 65. Bb4 d2 66. Bxd2 Kd6) (61. Rh5+ Ke4 62. f8=Q Kd3 63. Qf3+ Kc4 64. Qc6+ Kd3 65. Rh3+ Kd2 66. Qg2+ Ke1 67. Rh1#) 61... Kd5 62. Qc8) 58. Kf8 Qb2 (58... Qxh3 59. Ra3+ Kc2 60. Rxh3 d4 61. f7 d3 62. Ke8 (62. Rxd3 Kxd3 63. Ke7 Ke4 64. Ke6 Ke3 65. f8=Q Kd4 66. Qf4+ Kc3 67. Qe3+ Kc4) 62... d2 63. f8=Q (63. f8=R d1=Q $11)) 59. Ra6 Qb8+ 60. Kg7 Qg3+ 61. Kf8 Qg6 (61... Qxh3 62. Ra3+ Kc2 63. Rxh3 d4 64. f7 d3 65. Kg8 (65. Rxd3 Kxd3 66. Ke7 Ke2 67. f8=Q Ke3 68. Kd6 Ke2 69. Qf4 Kd3) 65... d2 66. Rh2 (66. f8=B d1=Q $15)) 62. Ke7 Ke4 63. Ra1 Qg3 64. f7 Qe5+ (64... Qxh3 65. f8=Q (65. f8=R $2 Qh4+ 66. Kd7 Qg4+ 67. Kd8 d4 $19) 65... Qc3 66. Ra4+ d4 67. Qa8+ Kf4 68. Qd5 $18) 65. Kd7 Qxa1 66. f8=Q Qa7+ 67. Kc6 Qa6+ $1 68. Kc7 d4 $2 (68... Qa5+ $19 {is more deadly.} 69. Kd7 d4 70. Qe7+ Kf3 71. Qf6+ Ke3 72. Qh6+ (72. Qe6+ $2 Kd2 $19) 72... Ke2 73. Qe6+ Kd2) 69. Qe7+ $17 Kd3 70. Qe1 Qc4+ ({Better is} 70... Qa7+ 71. Kd6 Qb8+ 72. Kc6 Qc8+ 73. Kd5 Qf5+ (73... Qxh3 74. Qd1+ Ke3 75. Qxd4+ Kf3 76. Qe4+ Kf2 77. Kd4 $11) 74. Kd6 Qxh3 75. Qd1+ Ke4 76. Qe2+ Qe3) 71. Kd6 $17 Qc3 $1 72. Qf1+ {[%emt 0:00:00] [#]} (72. Qf2 $17 {was worth a try.}) 72... Kc2 $1 $19 73. Qe2+ (73. Qg2+ $142 Qd2 74. Qc6+ Kd1 (74... Qc3 $2 75. Qg2+ Kb3 76. Qg8+ Qc4 77. Qg1 $19) 75. Qf3+ Qe2 76. Qb3+ Ke1 77. Qb1+ Kf2 78. Qf5+ Qf3 79. Qc2+ Ke3 80. Qc1+ Ke4 81. Qc6+ Kf4 82. Qc4) 73... Kb3 $19 74. Qd1+ Kb4 $2 (74... Ka2 $19 {[%cal Od4d3] ( -> ...d3!)} 75. Qe2+ Ka3) 75. Qb1+ $2 {[%emt 0:00:14][%mdl 8192] [#]} (75. h4 $15) 75... Ka3 $1 76. Qd1 d3 $1 ({Weaker is} 76... Qxh3 77. Qxd4 Qf5 78. Qe3+ Kb4 79. Qe1+ Kc4 80. Qh4+ Kb3 81. Kc7 $11) 77. h4 d2 78. h5 Qg3+ 79. Kd7 Qf4 80. Kd8 Kb2 81. Kd7 Qe3 82. h6 Qxh6 83. Qe2 Qg5 84. Kc6 Qa5 85. Qd1 Qc3+ 86. Kd7 Qc2 0-1

[Event "Arona Festival 2024"]
[Site "Arona Tenerife"]
[Date "2024.06.30"]
[Round "10.7"]
[White "Gupta, Abhijeet"]
[Black "Goutham Krishna H"]
[Result "1-0"]
[ECO "E73"]
[WhiteElo "2589"]
[BlackElo "2324"]
[Annotator "TA"]
[PlyCount "79"]
[EventDate "2024.06.20"]
[EventType "swiss"]
[EventCountry "ESP"]
[SourceTitle "playchess.com"]
[Source "ChessBase"]
[SourceQuality "1"]
[TimeControl "5400+30"]

1. d4 Nf6 2. c4 g6 3. Nc3 Bg7 4. e4 d6 5. Be2 O-O 6. Be3 Na6 7. h3 e5 8. d5 Nc5 {[%emt 0:02:41] White has an edge.} 9. Qc2 c6 10. Nf3 cxd5 11. cxd5 Nh5 12. b4 Na6 13. a3 f5 14. O-O f4 (14... Nf4 $14) 15. Bd2 {[%emt 0:00:06] White is more active.} Bd7 16. Rac1 Rc8 17. Qb3 h6 18. a4 Nf6 19. Bb5 g5 20. Rfe1 Kh8 21. Bxd7 Qxd7 22. Nb5 Rxc1 23. Bxc1 Nc7 24. Nxc7 (24. Nxa7 Ra8 $11) 24... Qxc7 25. Ba3 Rc8 26. b5 Bf8 27. Qb1 Qa5 28. Rc1 $1 Rxc1+ 29. Qxc1 Kg7 30. Qc8 Qxa4 31. Nxe5 Qxa3 32. Qxb7+ Kh8 33. Ng6+ Kg8 34. Qc8 Nh7 {[%emt 0:01:17] Threatens to win with ...Kg7.} 35. e5 {[%emt 0:00:25] [#] Strongly threatening e6.} Qa1+ 36. Kh2 Qe1 37. Ne7+ (37. exd6 $5 f3 $8 (37... Qxf2 $2 38. Ne7+ Kg7 39. Nf5+ Kh8 40. d7 $18) 38. d7 Qxf2 39. Ne7+ Kg7 40. Nf5+ Kg8 (40... Kg6 $2 41. Qe8+ Kxf5 42. Qe6+ Kf4 43. Qg4+ Ke5 44. d8=Q $18) 41. Ne7+ (41. Nxh6+ Kg7 $11) 41... Kg7 42. Nf5+ Kg8 (42... Kg6 $2 43. Qe8+ Kxf5 44. Qe6+ Kf4 45. Qg4+ Ke5 46. d8=Q $18) 43. Nxh6+ Kg7 44. Nf5+ Kg8 (44... Kg6 $2 45. Qe8+ Kxf5 46. Qe6+ Kf4 47. Qg4+ Ke5 48. d8=Q $18) 45. Ne7+ Kg7 46. Nf5+ Kg8 (46... Kg6 $2 47. Qe8+ Kxf5 48. Qe6+ Kf4 49. Qg4+ Ke5 50. d8=Q $18) 47. Nh6+ Kg7 48. Nf5+ $11) 37... Kh8 {[%emt 0:00:20] ...f3 would now be deadly.} 38. exd6 Qxf2 $2 {[%emt 0:00:41][%mdl 8192] [#]} (38... f3 $11 39. Ng6+ (39. gxf3 $2 {perishes.} Qxf2+ 40. Kh1 Qxf3+ 41. Kh2 Qf4+ 42. Kh1 Qxd6 $19) 39... Kg7 40. Nxf8 Nxf8) 39. Qe6 Qg3+ 40. Kh1 {[%emt 0:00:17] Weighted Error Value: White=0.04 (flawless) /Black=0.25 (precise) .  Loses game:     	---       	Black=1      Mistake:       	---       	Black=1      Inaccurate:     	White=3     	Black=1      OK:         	White=14    	Black=14     Best:        	White=2     	Black=4      Strong:       	White=1     	---} 1-0

[Event "Arona Festival 2024"]
[Site "Arona Tenerife"]
[Date "2024.06.30"]
[Round "10.8"]
[White "Peralta, Fernando"]
[Black "Prraneeth Vuppala"]
[Result "1/2-1/2"]
[ECO "D27"]
[WhiteElo "2562"]
[BlackElo "2436"]
[Annotator "TA"]
[PlyCount "67"]
[EventDate "2024.06.20"]
[EventType "swiss"]
[EventCountry "ESP"]
[SourceTitle "playchess.com"]
[Source "ChessBase"]
[SourceQuality "1"]
[TimeControl "5400+30"]

1. d4 d5 2. c4 c6 3. Nf3 Nf6 4. Nc3 e6 5. e3 a6 6. Bd3 dxc4 7. Bxc4 b5 8. Bb3 c5 9. O-O Bb7 10. e4 cxd4 11. Nxd4 Nbd7 12. Be3 {[%emt 0:01:53][%cal Ob3e6] [#] Black must now prevent Bxe6!} Bb4 13. f3 Qe7 14. a4 bxa4 15. Nxa4 O-O 16. Qe2 Nc5 17. Nxc5 Bxc5 {[%emt 0:00:07] The position is equal.} 18. Bc4 a5 19. Rfc1 Rfd8 20. Nb3 Bxe3+ 21. Qxe3 a4 $1 22. Nc5 Bc6 {[%emt 0:00:35] Wards off Bb5} 23. Be2 Qa7 24. Ra3 Be8 25. b4 Qb6 26. Rb1 Nd7 27. Nxd7 Qxe3+ 28. Rxe3 Rxd7 29. Bb5 Rb7 30. Bxe8 Rxe8 31. Ra3 Ra8 32. Kf2 Kf8 33. Ke3 Ke7 34. b5 {[%emt 0:02:21] Weighted Error Value: White=0.02 (flawless) /Black=0.03 (flawless) .  Inaccurate:     	---       	Black=1      OK:         	White=10    	Black=13     Best:        	White=1     	Black=1      Strong:       	---       	Black=1} 1/2-1/2

[Event "Arona Festival 2024"]
[Site "Arona Tenerife"]
[Date "2024.06.30"]
[Round "10.9"]
[White "Sankalp Gupta"]
[Black "Kochavi, Ori"]
[Result "1-0"]
[ECO "B12"]
[WhiteElo "2552"]
[BlackElo "2394"]
[Annotator "TA"]
[PlyCount "81"]
[EventDate "2024.06.20"]
[EventType "swiss"]
[EventCountry "ESP"]
[SourceTitle "playchess.com"]
[Source "ChessBase"]
[SourceQuality "1"]
[TimeControl "5400+30"]

1. e4 c6 2. d4 d5 3. e5 Bf5 4. h4 a6 5. g4 Bd7 {[%emt 0:00:18][%cal Oc6c5] Black is weak on the dark squares} 6. Nc3 h5 7. gxh5 Nh6 8. Bh3 {[%emt 0:19:12] White is slightly better.} c5 9. e6 {[%emt 0:12:30] White is more active.} (9. Bxd7+ $6 Nxd7 10. dxc5 (10. Nxd5 cxd4 11. Qxd4 e6 $11) 10... e6 $11) 9... Bxe6 10. Bxe6 (10. dxc5 Bxh3 11. Nxh3 d4 $11) 10... fxe6 11. dxc5 Nc6 12. Nf3 Qa5 {[%emt 0:08:06] Repels} 13. Nd4 Nxd4 14. Qxd4 Nf5 15. Qg4 Qxc5 16. Bf4 (16. Qg6+ $16 Kd7 17. Bd2) 16... O-O-O ({Better is} 16... Qd4 $1 $14) 17. O-O-O $18 {[%emt 0:00:02] And now Rh3 would win.} Qc4 (17... d4 {might work better.}) 18. Rh3 d4 19. b3 Qc6 20. Ne2 (20. Be5 $1 $18) 20... Qe4 $2 (20... g6 $16 {is a better chance.}) 21. Rhd3 $2 (21. Rc3+ dxc3 22. Rxd8+ Kxd8 23. Bc7+ (23. Nxc3 $2 Qh1+ 24. Kb2 Qxh4 $19) 23... Kxc7 24. Qxe4 Rxh5 25. Qe5+ (25. Nxc3 g6 $18) 25... Kb6 26. Nxc3 (26. Qxe6+ Nd6 $18)) 21... g6 {[%emt 0:00:06] [#] Threatens to win with ...e5.} 22. Ng3 (22. hxg6 Rxh4 23. Qf3 Qxf3 24. Rxf3 Bg7 $14) ({White should play} 22. Rc3+ $1 $18 dxc3 23. Rxd8+ Kxd8 24. Bc7+ (24. Nxc3 $2 Qxf4+ 25. Qxf4 Bh6 $19) 24... Kxc7 25. Qxe4 Rxh5 26. Qxe6 (26. Nxc3 Rxh4 27. Qxe6 Bh6+ 28. f4 Bxf4+ 29. Kb2 Kb8 $18) 26... Rxh4 27. Nxc3 (27. Qxg6 Rh1+ 28. Ng1 Nd4 $18) 27... Bh6+ 28. Kb2) 22... gxh5 $2 {[%emt 0:08:47][%mdl 8192] [#]} (22... Qxf4+ $1 $14 23. Qxf4 Bh6 24. Qxh6 (24. Rc3+ $2 dxc3 $19) 24... Rxh6) 23. Rc3+ $1 dxc3 24. Rxd8+ Kxd8 25. Bc7+ {[%emt 0:00:01] White stays focused until the end.} (25. Nxh5 $2 {loses.} Qh1+ 26. Qd1+ Qxd1+ 27. Kxd1 Rxh5 $19) 25... Kxc7 26. Qxe4 {[%emt 0:00:01] Qe5+ would now be deadly.} Bh6+ 27. Kd1 {[%emt 0:01:52] Qe5+ is the strong threat.} Rd8+ 28. Ke1 Nd4 29. Kf1 ({Don't take} 29. Nxh5 Rd5 30. Ng3 Bg7) 29... Nc6 30. Qxe6 Bf4 31. Nxh5 Rd1+ $2 (31... Be5 32. Ng3 Rd1+ 33. Kg2 Rd2) 32. Kg2 Bd6 33. Qe3 Be5 34. Ng3 {[%emt 0:01:08] White is clearly winning.} Rd2 35. Qe4 Bd4 36. Ne2 Bf6 37. h5 Rd8 38. h6 Rg8+ 39. Kf1 Rh8 40. h7 Rf8 41. Nf4 {[%emt 0:00:08] Weighted Error Value: White=0.42/Black=0.55.  Loses game:     	---       	Black=2      Missed win:     	---       	Black=1      Mistake:       	White=4     	Black=3      Inaccurate:     	White=1     	Black=1      OK:         	White=15    	Black=7      Best:        	White=2     	Black=5      Strong:       	White=1     	---} 1-0